 Dungeon Crawl Stone Soup version 0.31-a0-851-g7ff8af7976 (webtiles) character file.

Game seed: 6208022501637624869

44 CowFu the Changeling (level 3, -3/26 HPs)
             Began as a Merfolk Shapeshifter on Oct 5, 2023.
             Slain by a gnoll
             ... wielding a +0 flail
              (10 damage)
             ... on level 2 of the Dungeon.
             The game lasted 00:01:55 (1059 turns).

CowFu the Changeling (Merfolk Shapeshifter)         Turns: 1059, Time: 00:01:55

Health: -3/26      AC:  2    Str: 16    XL:     3   Next: 62%
Magic:  3/3        EV: 12    Int:  9    God:
Gold:   58         SH:  0    Dex: 13    Spells: 2/2 levels left

rFire   . .          .
                       - Unarmed
rCold   . . .        (no shield)
rNeg    . . .        a - +0 animal skin
rPois   .            (helmet currently unavailable)
rElec   .            (cloak currently unavailable)
rCorr   .            (gloves currently unavailable)
SInv    .            (boots currently unavailable)
Will    .....        (no amulet)
Stlth   +            (no ring)
HPRegen 0.24/turn    (no ring)
MPRegen 0.08/turn

%: no passive effects
@: lethally poisoned (-3 -> -21), beast-form
A: beast (slay +2), (nimble swimmer 2), mertail
a: Begin Untransformation


You were on level 2 of the Dungeon.
You were a hulking beast.
You visited 1 branch of the dungeon, and saw 2 of its levels.

You collected 58 gold pieces.

Inventory:

Armour
 a - a +0 animal skin (worn)
 e - a +1 hat
Talismans
 c - a beast talisman (active)
 s - a flux talisman
Scrolls
 d - a scroll of amnesia {unknown}
 f - 2 scrolls of identify {unknown}
 g - a scroll of fear {unknown}
Potions
 b - a potion of lignification
 h - a potion of enlightenment {unknown}


   Skills:
 - Level 1.1 Fighting
 - Level 2.6 Dodging
 + Level 4.2 Unarmed Combat
 + Level 4.9 Shapeshifting


You had 2 spell levels left.
You didn't know any spells.
Your spell library contained the following spells:

 Spells                   Type           Power      Damage    Failure   Level
 Lesser Beckoning         Tloc           0%         N/A       52%         2
 Gell's Gravitas          Tloc           0%         N/A       77%         3
 Teleport Other           Tloc           0%         N/A       77%         3


Dungeon Overview and Level Annotations

Branches:
Dungeon (2/15)

Altars:

Shops:
D:2 =


Innate Abilities, Weirdness & Mutations

You are a hulking beast.
Your limbs bulge with bestial killing power. (Slay +2)
((You are very nimble when in or above water. (Stealth+, EV+, Speed+++)))
Your lower body shifts to a powerful aquatic tail in water.


Message History

The gnoll attacks as it pursues you! The gnoll barely misses you.
The bat barely misses you. The bat barely misses you.
Things that are here:
a +0 club; a +0 sling; a goblin corpse The gnoll attacks as it pursues you!
The gnoll barely misses you.
The bat enters a dispersal trap!
The gnoll blinks!
The ball python blinks!
The gnoll blinks! x2; You blink.
The bat blinks!
The bat closely misses you. The gnoll barely misses you.
The bat hits you but does no damage. The gnoll attacks as it pursues you!
The gnoll hits you from afar with a +2 spear of distortion.
You blink.
The bat enters a dispersal trap!
The ball python blinks!
The gnoll blinks! x3
You blink.
The bat hits you but does no damage. The bat barely misses you.
The bat misses you. x2
The bat attacks as it pursues you! The bat hits you but does no damage.
The bat misses you. The bat closely misses you.
The bat hits you but does no damage.
There is a stone staircase leading up here.
You hit the bat.
You kill the bat!
You barely miss the ball python. You punch the ball python.
You kill the ball python!
You climb upwards.
There is a stone staircase leading down here.
HP restored.
Done exploring.
You climb downwards.
The gnoll hits you with a +0 flail.
The gnoll hits you with a +2 whip of venom.
You are poisoned.
The gnoll hits you with a +0 flail.
There is a stone staircase leading up, spattered with blood here.
You feel very sick.
The gnoll hits you with a +2 whip of venom!
* * * LOW HITPOINT WARNING * * *
You are more poisoned.
The gnoll hits you with a +0 flail!
You die...

.....##......#.#
####.
#......####.# #.
####.######.# #.
#........# ##
#(.####### ##...#
######### ##....#
......... #.g#..#
########. #h....#
#<
########g#...##.
#.
................
...####.
########g##.###.#
#......
........g#..# #
######.
#######..#.## #.
#..# #. #..# #.
#).# ..


You could see 4 gnolls.

Vanquished Creatures
  A gnoll (D:1)
  A dart slug (D:1)
  3 ball pythons
  2 endoplasms
  3 giant cockroaches
  7 goblins
  A hobgoblin (D:1)
  3 quokkas
  3 bats
  4 frilled lizards
  2 rats (D:1)
30 creatures vanquished.

Notes
Turn   | Place    | Note
-------+----------+-------------------------------------------
     0 | D:1      | CowFu the Merfolk Shapeshifter began the quest for the Orb.
     0 | D:1      | Reached XP level 1. HP: 15/15 MP: 1/1
   142 | D:1      | Reached XP level 2. HP: 19/21 MP: 2/2
   291 | D:1      | You fall into a shaft and drop 1 floor!
   433 | D:1      | Reached XP level 3. HP: 8/26 MP: 3/3
   893 | D:2      | Found Mydagaj's Jewellery Boutique.
  1059 | D:2      | Slain by a gnoll

Illustrated notes

Levels and vault maps discovered:
D:1:      lightli_iron_boxes, layout_rooms, serial_forest,
          infiniplex_forest_lined_3, infiniplex_forest_lined_3_way,
          infiniplex_forest_clump_curved, infiniplex_forest_straight_5,
          infiniplex_forest_lined_3, infiniplex_forest_pool,
          infiniplex_forest_straight_4, infiniplex_forest_clump_double
D:2:      layout_loops_ring, serial_shops, shop, uniq_crazy_yiuf_cottage

Skill      XL: |  1  2 |
---------------+-------+-----
Unarmed Combat | 4 |  4.2
Fighting       | |  1.1
Dodging        | |  2.6
Shapeshifting  | |  4.9

Action                     || total
---------------------------++-------
  Melee: Unarmed           ||    73
         Punch             ||     3
   Stab: Sleeping          ||     1
 Armour: Animal skin       ||    48
  Dodge: Dodged            ||    64

Table legend: (Time is in decaauts)
 A = Elapsed time spent in this place.
 B = Non-inter-level travel time spent in this place.
 C = Inter-level travel time spent in this place.
 D = Time resting spent in this place.
 E = Time spent auto-exploring this place.
 F = Levels seen in this place.
 G = Mean time per level.
                   A        B        C        D        E       F      G
               +--------+--------+--------+--------+--------+-----+--------+
         Total |   1055 |   1026 |     29 |     61 |    742 |   2 |  527.5 |
       Dungeon |   1055 |   1026 |     29 |     61 |    742 |   2 |  527.5 |
               +--------+--------+--------+--------+--------+-----+--------+

Top non-repeatable levels by time:
     D:1: 791 daAuts
     D:2: 264 daAuts
